 Dungeon Crawl Stone Soup version 0.21-a0-346-g330ab2c (webtiles) character file.

175092 Hasart the End of an Era (level 17, -14/201 HPs)
             Began as a Demonspawn Fighter on Oct 5, 2017.
             Was the Champion of Qazlal.
             Killed from afar by a blizzard demon (27 damage)
             ... with a bolt of lightning
             ... summoned by Asterion
             ... on level 4 of the Spider Nest.
             The game lasted 01:22:19 (26442 turns).

Hasart the End of an Era (Demonspawn Fighter)      Turns: 26442, Time: 01:22:21

Health: -14/201    AC: 38    Str: 21      XL:     17   Next: 46%
Magic:  0/28       EV:  2    Int:  9 (12) God:    Qazlal [******]
Gold:   1657       SH: 22    Dex: 11 (13) Spells: 16/16 levels left

rFire    . . .     SeeInvis .   O - +6 eveningstar (protect)
rCold    . . .     Gourm    .   c - +0 shield
rNeg     + + +     Faith    .   (armour currently unavailable)
rPois    +         Spirit   +   (helmet unavailable)
rElec    .         Reflect  +   (cloak currently unavailable)
rCorr    .         Harm     .   (gloves currently unavailable)
MR       +....     NoTele   +   (boots currently unavailable)
Stlth    +.........             h - +2 amulet of reflection
HPRegen  3.43/turn              n - ring of positive energy
MPRegen  0.21/turn              b - ring of poison resistance

@: lethally poisoned (-14 -> -15), tree-form, protected from physical damage,
protection aura, very slightly contaminated, invisible, repel missiles
A: powered by death 3, magic shield
a: Upheaval, Elemental Force, Disaster Area, Renounce Religion


You were on level 4 of the Spider Nest.
You worshipped Qazlal.
Qazlal was exalted by your worship.
You were not hungry.
You were a tree.
You visited 5 branches of the dungeon, and saw 28 of its levels.
You also visited: Ossuary and Ice Cave.

You collected 2691 gold pieces.
You spent 1034 gold pieces at shops.

Inventory:

Hand Weapons
 O - a +6 eveningstar of protection (weapon)
Armour
 c - a +0 shield (worn)
 y - a +2 pair of gloves of dexterity (melded)
 C - a +2 pair of boots (melded)
 X - a +2 plate armour of positive energy (melded)
Jewellery
 b - a ring of poison resistance (right branch)
 d - an uncursed ring of flight
 h - a +2 amulet of reflection (around neck)
 n - a ring of positive energy (left branch)
 G - an uncursed ring of protection from cold
Wands
 a - a wand of lightning (7/15)
 A - a wand of disintegration (8/24)
 R - a wand of lightning (10/15)
Scrolls
 e - 10 scrolls of remove curse
 g - a scroll of vulnerability
 i - 2 scrolls of fear
 j - 17 scrolls of identify
 m - 4 scrolls of teleportation
 p - a scroll of amnesia
 r - 8 scrolls of fog
 u - a scroll of enchant armour
 v - 2 scrolls of magic mapping
 w - a scroll of blinking
Potions
 k - 5 potions of curing
 l - 3 potions of berserk rage
 s - a potion of might
 z - 3 potions of haste
 D - 5 potions of brilliance
 E - 4 potions of flight
 F - a potion of lignification
 I - 8 potions of heal wounds
Miscellaneous
 K - 2 sacks of spiders
 U - a phantom mirror
Comestibles
 f - 14 bread rations
 o - 14 meat rations
 q - 9 royal jellies
 B - 14 fruits


   Skills:
 + Level 12.3 Fighting
   Level 9.3(12.9) Axes
 * Level 14.3(15.2) Maces & Flails
 + Level 11.4 Armour
 + Level 11.1 Dodging
 + Level 11.4 Shields
 + Level 14.9 Invocations


You had 16 spell levels left.
You didn't know any spells.

Dungeon Overview and Level Annotations

Branches:
Dungeon (15/15)            Temple (1/1) D:6            Lair (6/6) D:8
  Swamp (0/4) Lair:4       Spider (4/4) Lair:4        Slime (0/5) Lair:5
    Orc (2/2) D:11            Elf (0/3) Orc:2        Vaults (0/5) D:13
 Depths (0/5) D:15

Altars:
Ashenzari
Cheibriados
Dithmenos
Elyvilon
Fedhas
Gozag
Hepliaklqana
Kikubaaqudgha
Makhleb
Nemelex Xobeh
Okawaru
Qazlal
Ru
Sif Muna
Trog
Uskayaw
Vehumet
Wu Jian
Xom
Yredelemnul
Zin
The Shining One
Beogh
Jiyva

Shops:
D:4 (   D:5 !(?*   D:10 !**   D:11 (:*   D:15 }   Orc:2 [*[%?

Annotations:
D:3 Sigmund
Spider:4 Asterion


Innate Abilities, Weirdness & Mutations

((You have a pair of large horns on your head.))
((You are mostly covered in iridescent scales. (AC +4)))
You regenerate a lot of health from kills.
When hurt, damage is shared between your health and your magic reserves.


Message History

You impale something!! Qazlal accepts your kill.
Reactivating autopickup.
Your life force feels restored.
You feel a bit more experienced.
You feel very sick.
The demonic crawler hits you but does no damage.
You block the demonic crawler's attack. x2
Asterion hits you but does no damage.
The tarantella bites you but does no damage.
The spark wasp stings you!!
* * * LOW HITPOINT WARNING * * *
The spark wasp shocks you!
* * * LOW HITPOINT WARNING * * *
The orb spider is struck by lightning.
The blizzard demon gestures at you.
The bolt of lightning hits the spark wasp.
The spark wasp completely resists.
Helpless, you fail to dodge the bolt of lightning.
You die...

... .#...
#..#.#
.....#
#^..####
#^.††<##
##.†s§s#
#..#ss##
##..#s♣#
#.%#Hys##
....#2#s§##
#...###....#
#### #.#..#
#...## ## ##


You could see Asterion, an emperor scorpion, a blizzard demon, a spark wasp
(wandering), 2 demonic crawlers, 3 orb spiders and a tarantella.

Vanquished Creatures
  Arachne (Spider:1)
  The ghost of Velros the Warrior, an adept HOFi of Beogh (Spider:4)
  Kirke (Lair:4)
  Gastronok (Lair:2)
  A frost giant (IceCv)
  A ghost moth (Spider:4)
  4 emperor scorpions
  Aizul (Lair:4)
  5 entropy weavers
  A slime creature (D:15)
  Josephine (Lair:5)
  Erolcha (D:9)
  7 hydras
  2 vault guards (D:13)
  4 centaur warriors
  Erica (Lair:2)
  3 death yaks (D:8)
  3 ogre magi
  A tengu warrior (D:14)
  17 two-headed ogres
  Urug (Lair:2)
  2 unseen horrors
  9 skeletal warriors (D:14)
  2 deep trolls
  4 wizards
  A lindwurm (shapeshifter) (D:15)
  An orc knight (D:15)
  Pikel (D:7)
  2 necromancers
  5 orc sorcerers
  16 orb spiders
  25 wolf spiders
  A moth of wrath (Lair:4)
  16 ugly things
  2 deep elf magi
  4 cyclopes
  2 manticores (D:15)
  3 black mambas
  2 gargoyles
  12 spiny frogs
  3 torpor snails
  4 centaur skeletons
  2 rime drakes
  7 komodo dragons
  21 demonic crawlers
  13 trolls
  A harpy zombie (D:14)
  6 meliai (Spider:3)
  20 polar bears
  16 blink frogs
  24 jumping spiders
  A harpy skeleton (D:15)
  16 dream sheep
  6 hornets
  7 hippogriffs
  A raiju (shapeshifter) (D:14)
  A centaur simulacrum (D:15)
  A vampire (D:14)
  14 spriggans (Lair:3)
  91 redbacks
  7 wraiths
  55 yaks
  27 tarantellas
  2 hogs (Lair:4)
  10 vampire mosquitoes
  2 wyverns
  19 humans (D:13)
  A hungry ghost (D:10)
  A tarantella (shapeshifter) (D:15)
  4 basilisks
  A steam dragon (Lair:4)
  A redback simulacrum (D:15)
  A soldier ant (D:14)
  A warg (Orc:1)
  3 acid dragons (D:15)
  14 water moccasins
  6 porcupines
  11 orc warriors
  4 black bears
  10 ice beasts
  A necrophage (D:5)
  2 phantoms
  2 sky beasts
  3 boggarts (Lair:3)
  26 wolves
  19 centaurs
  25 ogres
  14 crocodiles
  5 big kobolds
  12 bullfrogs
  A water moccasin zombie (Ossuary)
  A hornet simulacrum (D:15)
  A scorpion (D:13)
  2 wyvern skeletons
  8 wights
  10 electric eels
  2 howler monkeys
  9 crimson imps
  A bullfrog zombie (D:8)
  4 hounds
  4 centaur zombies
  A jelly (D:7)
  8 orc priests
  Terence (D:2)
  Jessica (D:2)
  3 hell rats (D:8)
  7 iguanas
  11 orc wizards
  2 worker ants
  2 big kobold zombies (Ossuary)
  2 mummies (Ossuary)
  2 worker ant zombies
  3 gnolls (D:7)
  4 river rats
  12 adders
  3 shadow imps
  2 oozes
  An adder skeleton (D:4)
  7 adder zombies
  4 worms
  A dart slug (D:4)
  6 leopard geckos
  58 orcs
  A ball python (D:6)
  5 bats
  3 giant cockroaches
  15 goblins
  7 hobgoblins
  10 jackals
  13 kobolds
  6 quokkas
  5 frilled lizards
  A gnoll zombie (Ossuary)
  6 hobgoblin zombies (Ossuary)
  A jackal zombie (D:6)
  5 kobold zombies (Ossuary)
  A leopard gecko skeleton (D:5)
  10 orc zombies (Ossuary)
  A quokka skeleton (D:4)
  8 rats
994 creatures vanquished.

Vanquished Creatures (others)
  A centaur warrior (D:14)
  3 polar bears (IceCv)
  A redback (Lair:4)
  A yak (IceCv)
  A steam dragon (D:11)
  3 slaves (D:7)
  A sky beast (D:13)
  An ogre (D:7)
  2 centaurs
  A centaur zombie (D:7)
  A jelly (D:7)
  An adder (D:7)
  A shadow imp (D:7)
  3 orcs
  2 kobolds (D:8)
  A quokka skeleton (D:7)
  9 fungi
  9 plants
42 creatures vanquished.

Grand Total: 1036 creatures vanquished

Notes
Turn   | Place    | Note
-------+----------+-------------------------------------------
     0 | D:1      | Hasart the Demonspawn Fighter began the quest for the Orb.
     0 | D:1      | Reached XP level 1. HP: 18/18 MP: 1/1
   196 | D:1      | Gained mutation: You regenerate a little health from kills. [demonic ancestry]
   196 | D:1      | Reached XP level 2. HP: 23/24 MP: 2/2
   779 | D:2      | Noticed Jessica
   789 | D:2      | Killed Jessica
   789 | D:2      | Reached XP level 3. HP: 29/29 MP: 3/3
   842 | D:2      | Noticed Terence
   855 | D:2      | Killed Terence
   855 | D:2      | Gained mutation: You regenerate health from kills. [demonic ancestry]
   855 | D:2      | Reached XP level 4. HP: 33/35 MP: 4/4
  1875 | D:2      | Found a sparkling altar of Nemelex Xobeh.
  1875 | D:2      | Found a sacrificial altar of Ru.
  1976 | D:3      | Noticed Sigmund
  2657 | D:3      | Noticed an ogre
  2671 | D:2      | Reached XP level 5. HP: 40/41 MP: 5/5
  2773 | D:3      | Noticed an ogre
  2782 | D:3      | Killed an ogre
  2782 | D:3      | Reached skill level 5 in Maces & Flails
  3063 | D:3      | Killed an ogre
  3063 | D:3      | Gained mutation: You are partially covered in iridescent scales. (AC +2) [demonic ancestry]
  3063 | D:3      | Reached XP level 6. HP: 30/47 MP: 6/6
  3956 | D:4      | Found Ocziuc's Antique Weapon Shop.
  3965 | D:4      | Bought a runed broad axe for 175 gold pieces
  4045 | D:4      | Reached skill level 1 in Axes
  4350 | D:5      | Entered Level 5 of the Dungeon
  4410 | D:5      | Found Plog's Magic Scroll Emporium.
  4449 | D:5      | Found Owked's Antique Weapon Boutique.
  4577 | D:5      | Reached XP level 7. HP: 50/52 MP: 2/7
  4632 | D:5      | Found a burning altar of Makhleb.
  4668 | D:5      | Found Rijynaiz's Assorted Antiques.
  4768 | D:5      | Found an opulent altar of Gozag.
  4999 | D:5      | Found Eshafy's Distillery.
  5141 | D:6      | Reached skill level 5 in Axes
  5145 | D:6      | Gained mutation: You regenerate a lot of health from kills. [demonic ancestry]
  5145 | D:6      | Reached XP level 8. HP: 35/58 MP: 2/8
  5265 | D:6      | Found a sand-covered staircase.
  5336 | Ossuary  | Entered an ossuary
  5634 | D:6      | Found a glowing drain.
  5887 | D:6      | Found an opulent altar of Gozag.
  5947 | D:6      | Found a staircase to the Ecumenical Temple.
  5982 | Temple   | Entered the Ecumenical Temple
  6040 | Temple   | Became a worshipper of Qazlal Stormbringer
  6199 | D:7      | Found a bloodstained altar of Trog.
  6208 | D:7      | Noticed Pikel
  6222 | D:7      | Killed Pikel
  6222 | D:7      | Reached XP level 9. HP: 6/63 MP: 3/9
  6623 | D:7      | HP: 3/63 [orc warrior/halberd (22)]
  7170 | D:7      | Reached skill level 1 in Invocations
  7397 | D:7      | Found a blossoming altar of Fedhas.
  7408 | D:7      | Found a snail-covered altar of Cheibriados.
  7762 | D:8      | Reached skill level 1 in Dodging
  7775 | D:8      | Reached * piety under Qazlal
  7831 | D:8      | Found a basalt altar of Yredelemnul.
  7833 | D:8      | Found an ornate altar of the Wu Jian Council.
  7834 | D:8      | Found a shimmering altar of Xom.
  7857 | D:8      | Noticed a death yak
  8617 | D:8      | Noticed a two-headed ogre
  8622 | D:8      | Killed a two-headed ogre
  8622 | D:8      | Reached XP level 10. HP: 72/72 MP: 12/12
  8647 | D:8      | Found a staircase to the Lair.
  8717 | D:8      | Noticed a death yak
  8720 | D:8      | Noticed a death yak
  8725 | Lair:1   | Entered Level 1 of the Lair of Beasts
  8933 | Lair:1   | Noticed a spiny frog
  8936 | Lair:1   | Killed a spiny frog
  8996 | Lair:1   | Reached ** piety under Qazlal
  9588 | Lair:2   | Noticed a spiny frog
  9611 | Lair:1   | Reached skill level 5 in Fighting
  9611 | Lair:1   | Reached skill level 5 in Invocations
  9737 | Lair:1   | Killed a spiny frog
  9802 | Lair:2   | Reached skill level 5 in Armour
  9802 | Lair:2   | Reached skill level 5 in Shields
 10015 | Lair:2   | Noticed a six-headed hydra
 10031 | Lair:2   | Killed a six-headed hydra
 10031 | Lair:2   | Gained mutation: You are mostly covered in iridescent scales. (AC +4) [demonic ancestry]
 10031 | Lair:2   | Reached XP level 11. HP: 24/81 MP: 6/15
 10532 | Lair:2   | Noticed Gastronok
 10534 | Lair:2   | Noticed Erica
 10598 | Lair:2   | Noticed Urug
 10610 | Lair:2   | Killed Urug
 10707 | Lair:2   | Killed Erica
 11079 | Lair:2   | Killed Gastronok
 11079 | Lair:2   | Reached skill level 5 in Dodging
 11286 | Lair:3   | Noticed a spriggan rider
 11308 | Lair:3   | Killed a spriggan rider
 11379 | Lair:3   | Noticed a spriggan rider
 11509 | Lair:3   | Reached XP level 12. HP: 88/91 MP: 16/18
 12153 | Lair:3   | Noticed a six-headed hydra
 12198 | Lair:3   | Killed a six-headed hydra
 12358 | Lair:3   | Noticed an eight-headed hydra
 12365 | Lair:3   | Killed an eight-headed hydra
 12724 | Lair:4   | Found a staircase to the Swamp.
 12781 | Lair:4   | Noticed an eight-headed hydra
 12799 | Lair:4   | Killed an eight-headed hydra
 12891 | Lair:4   | Found a hole to the Spider Nest.
 12931 | Lair:4   | Reached *** piety under Qazlal
 13628 | Lair:4   | Reached XP level 13. HP: 92/98 MP: 18/20
 13741 | Lair:5   | Found a frozen archway.
 13799 | Lair:5   | Reached skill level 10 in Invocations
 13819 | IceCv    | Entered an ice cave
 14159 | IceCv    | Reached **** piety under Qazlal
 14412 | IceCv    | Noticed a frost giant
 14422 | IceCv    | Killed a frost giant
 14580 | Lair:5   | Reached skill level 10 in Maces & Flails
 14645 | Lair:5   | Noticed Josephine
 14672 | Lair:5   | Killed Josephine
 15374 | Lair:5   | Found a viscous altar of Jiyva.
 15375 | Lair:5   | Found a staircase to the Slime Pits.
 15711 | Lair:6   | Entered Level 6 of the Lair of Beasts
 16006 | Lair:5   | Gained mutation: You have a pair of small horns on your head. [demonic ancestry]
 16006 | Lair:5   | Reached XP level 14. HP: 92/108 MP: 18/22
 16386 | D:5      | Bought a scroll of acquirement for 624 gold pieces
 16887 | D:9      | Found a glowing golden altar of the Shining One.
 17035 | D:9      | Noticed Erolcha
 17045 | D:9      | Killed Erolcha
 17402 | D:10     | Entered Level 10 of the Dungeon
 17491 | D:10     | Reached ***** piety under Qazlal
 17521 | D:10     | Found Sureofip's General Store.
 17724 | D:10     | Found Gang's Assorted Antiques.
 17727 | D:10     | Bought a warped copper ring for 115 gold pieces
 17727 | D:10     | Identified the ring of Hut Afoost {rN+ Str+4 Dex-5} (You bought it in a shop on level 10 of the Dungeon)
 17767 | D:10     | Found Peekuabe's Distillery.
 18074 | D:11     | Found Nonarhil's Assorted Antiques.
 18076 | D:11     | Found Fuih's Book Boutique.
 18094 | D:11     | Found a staircase to the Orcish Mines.
 18419 | D:11     | Found Zybaish's Weapon Boutique.
 18530 | D:11     | Got a pair of translucent boots
 18541 | D:11     | Identified the +0 pair of boots of Death Resistance {Int+4} (You found it on level 11 of the Dungeon)
 18640 | Orc:1    | Entered Level 1 of the Orcish Mines
 18807 | Orc:2    | Entered Level 2 of the Orcish Mines
 18842 | Orc:1    | Reached skill level 10 in Fighting
 19696 | Orc:2    | Found Ribanog's Armour Boutique.
 19706 | Orc:2    | Found a roughly hewn altar of Beogh.
 19718 | Orc:2    | Found Hefua's General Store.
 19749 | Orc:2    | Found Wiom's Antique Weapon Shop.
 19750 | Orc:2    | Found Beezec's Antique Armour Boutique.
 20062 | Orc:2    | Found Vuanun's Food Boutique.
 20069 | Orc:2    | Found Ehotyle's Magic Scroll Emporium.
 20078 | Orc:2    | Bought a scroll of enchant weapon for 120 gold pieces
 20146 | Orc:2    | Found a staircase to the Elven Halls.
 20152 | Orc:2    | Found a burning altar of Makhleb.
 20665 | D:13     | Gained mutation: When hurt, damage is shared between your health and your magic reserves. [demonic ancestry]
 20665 | D:13     | Reached XP level 15. HP: 114/116 MP: 20/24
 20799 | D:13     | Found a gate to the Vaults.
 21282 | D:14     | Reached ****** piety under Qazlal
 21380 | D:14     | Reached skill level 10 in Shields
 21437 | D:14     | Reached skill level 10 in Armour
 21857 | D:15     | Entered Level 15 of the Dungeon
 22106 | D:15     | Found a staircase to the Depths.
 22213 | D:15     | Found a sparkling altar of Nemelex Xobeh.
 22402 | D:15     | Gained mutation: You have a pair of horns on your head. [demonic ancestry]
 22402 | D:15     | Reached XP level 16. HP: 107/125 MP: 21/26
 22527 | D:15     | Reached skill level 10 in Dodging
 22654 | D:15     | Found Ogopt's Gadget Emporium.
 23341 | Spider:1 | Entered Level 1 of the Spider Nest
 23349 | Spider:1 | Noticed Aizul
 23438 | Spider:1 | Noticed Kirke
 23457 | Lair:4   | Killed Aizul
 23630 | Lair:4   | Killed Kirke
 24768 | Spider:2 | Noticed Arachne
 24816 | Spider:1 | Killed Arachne
 24894 | Spider:2 | Gained mutation: You have a pair of large horns on your head. [demonic ancestry]
 24894 | Spider:2 | Reached XP level 17. HP: 133/133 MP: 23/27
 26085 | Spider:4 | Entered Level 4 of the Spider Nest
 26088 | Spider:4 | Noticed Velros's ghost (adept HOFi)
 26101 | Spider:4 | Noticed Asterion
 26120 | Spider:4 | Killed Velros's ghost
 26442 | Spider:4 | Killed from afar by a blizzard demon

Vault maps used:
D:1:      dpeg_arrival_renting, nrook_mini_vaults
D:2:      gammafunk_temple_overflow_wave, first_bread, uniq_terence,
          uniq_jessica
D:3:      minmay_ogre_servants, uniq_sigmund
D:4:      serial_shops, shop
D:5:      kennysheep_mini_moat, serial_shops, nicolae_shop_crystal, shop, shop,
          nicolae_shop_trees, basic_altar
D:6:      minmay_temple_entry_grid, enter_ossuary_2, lightli_sewer_entry_pipes,
          grunt_gozag_statues
D:7:      amethyst_overflow_temple_binary, basic_altar, uniq_pikel
D:8:      minitemple, dpeg_lair_monsters
D:9:      lemuel_crystal_altar, glass_columns_a, uniq_erolcha
D:10:     serial_shops, nicolae_shop_behind_doors, shop, shop_fountains
D:11:     orc_0_dummy, serial_shops, nicolae_shop_trees,
          nicolae_shop_behind_doors, shop, hangedman_ranch
D:13:     grunt_vaults_entry_tiered
D:14:     moated_statue
D:15:     grunt_enter_depths_magical_seal, serial_shops, nicolae_shop_crystal,
          hangedman_decor_growths, nemelex_diamond_rough_becter
Temple:   dshaligram_water_room_temple
Lair:2:   st_stairs_3, uniq_urug, uniq_gastronok, uniq_erica
Lair:3:   kb_forest_paths, forest_entry_grove
Lair:4:   swamp_mist, spider_nest_entry_a
Lair:5:   slime_altar_1, portal_ice_cave_entry_ice_beasts,
          serial_bayou_lagoon_b, uniq_josephine
Lair:6:   cheibrodos_lair_end_hotspot, st_stairs_7
Spider:1: nicolae_spider_corner, spider_trap, uniq_aizul, uniq_kirke
Spider:2: uniq_arachne
Spider:3: einodemon_crawler_minivault
Spider:4: grunt_spider_rune_island, uniq_asterion
Orc:2:    st_orc_open, serial_shops, shop, shop, basic_altar, bloody_makhleb
Ossuary:  ossuary_tomb_2
IceCv:    ice_cave_caverns_03

Skill      XL: |  1  2  3  4  5  6  7  8  9 10 11 12 13 14 15 16 17 |
---------------+----------------------------------------------------+-----
Maces & Flails | 2 3 4 6 7 8 9 10 11 12 13 14 | 14.3
Axes           | 2 5 8 9 |  9.3
Invocations    | 3 6 8 9 11 12 13 14 | 14.9
Shields        | 3 5 6 7 8 9 10 11 | 11.4
Armour         | 3 5 6 7 8 9 10 11 | 11.4
Dodging        | 2 4 5 7 8 9 10 11 | 11.1
Fighting       | 4 5 7 8 9 10 11 12 | 12.3

Action                   |  1- 3 |  4- 6 |  7- 9 | 10-12 | 13-15 | 16-18 || total
-------------------------+-------+-------+-------+-------+-------+-------++-------
Melee: Flail             |    59 |   213 |       |       |       |       ||   272
       Broad axe         |       |    37 |   322 |       |       |       ||   359
       Whip              |       |       |   151 |   860 |   756 |       ||  1767
       Eveningstar       |       |       |       |       |  1056 |   820 ||  1876
       Headbutt          |       |       |       |       |   261 |   191 ||   452
Invok: Upheaval          |       |       |       |    10 |     6 |     4 ||    20
       Disaster Area     |       |       |       |       |     1 |     1 ||     2
Evoke: Wand              |       |       |     3 |     4 |       |       ||     7
  Use: Potion            |       |     4 |     5 |     1 |     6 |     4 ||    20
       Scroll            |       |     1 |    14 |       |     7 |     3 ||    25
 Stab: Distracted        |       |       |       |       |     1 |       ||     1
       Invisible         |       |       |       |       |       |     1 ||     1
  Eat: Chunk             |       |    12 |    13 |    16 |    32 |    12 ||    85
       Fruit             |       |       |     1 |       |       |     3 ||     4
Armor: Scale mail        |    38 |    82 |   170 |   164 |   130 |       ||   584
       Skin              |       |       |    36 |    11 |       |    44 ||    91
       Fire dragon scale |       |       |       |       |   127 |       ||   127
       Plate armour      |       |       |       |       |   336 |  1137 ||  1473
Dodge: Dodged            |    12 |    45 |   113 |   181 |   433 |   631 ||  1415
       Deflected         |       |       |       |       |    12 |     4 ||    16
Block: Shield            |    25 |   164 |   266 |   472 |  1421 |  1617 ||  3965
       Reflection        |       |     4 |    14 |     4 |    24 |     6 ||    52

Table legend:
 A = Spawn XP
 B = Non-spawn XP
 C = Spawn XP percentage of total XP
 D = Spawn monster count
 E = Non-spawn monster count
 F = Spawn count percentage of total count
 G = Total turns spent on level
                    A         B        C        D         E        F      G
               +---------+---------+-------+---------+---------+-------+---------
         Total |       0 |  250231 |   0.0 |       0 |     999 |   0.0 | 26442
               +---------+---------+-------+---------+---------+-------+---------
           D:1 |       0 |      37 |   0.0 |       0 |      19 |   0.0 |   960
           D:2 |       0 |     113 |   0.0 |       0 |      18 |   0.0 |  1499
           D:3 |       0 |     301 |   0.0 |       0 |      22 |   0.0 |   955
           D:4 |       0 |     189 |   0.0 |       0 |      19 |   0.0 |   936
           D:5 |       0 |     359 |   0.0 |       0 |      17 |   0.0 |   802
           D:6 |       0 |     797 |   0.0 |       0 |      34 |   0.0 |   809
           D:7 |       0 |    1610 |   0.0 |       0 |      23 |   0.0 |  1594
           D:8 |       0 |    4972 |   0.0 |       0 |      48 |   0.0 |  1566
           D:9 |       0 |    2433 |   0.0 |       0 |      19 |   0.0 |   601
          D:10 |       0 |    1169 |   0.0 |       0 |      13 |   0.0 |   596
          D:11 |       0 |    5628 |   0.0 |       0 |      32 |   0.0 |   686
          D:13 |       0 |   10570 |   0.0 |       0 |      43 |   0.0 |   664
          D:14 |       0 |   25749 |   0.0 |       0 |      52 |   0.0 |   904
          D:15 |       0 |   24713 |   0.0 |       0 |      71 |   0.0 |  1239
        Lair:1 |       0 |    3373 |   0.0 |       0 |      17 |   0.0 |  1070
        Lair:2 |       0 |    8733 |   0.0 |       0 |      28 |   0.0 |  1554
        Lair:3 |       0 |   13942 |   0.0 |       0 |      58 |   0.0 |  1592
        Lair:4 |       0 |   30193 |   0.0 |       0 |      86 |   0.0 |  1809
        Lair:5 |       0 |   12388 |   0.0 |       0 |      48 |   0.0 |  1464
        Lair:6 |       0 |    5225 |   0.0 |       0 |      18 |   0.0 |   179
      Spider:1 |       0 |   26338 |   0.0 |       0 |      59 |   0.0 |   659
      Spider:2 |       0 |   12968 |   0.0 |       0 |      38 |   0.0 |   551
      Spider:3 |       0 |   14258 |   0.0 |       0 |      43 |   0.0 |   971
      Spider:4 |       0 |   15005 |   0.0 |       0 |      32 |   0.0 |   147
         Orc:1 |       0 |   13493 |   0.0 |       0 |      49 |   0.0 |  1019
         Orc:2 |       0 |    5157 |   0.0 |       0 |      19 |   0.0 |   643
       Ossuary |       0 |     214 |   0.0 |       0 |      31 |   0.0 |   168
         IceCv |       0 |   10304 |   0.0 |       0 |      43 |   0.0 |   713
               +---------+---------+-------+---------+---------+-------+---------
